 Dungeon Crawl Stone Soup version 0.31-a0-267-g3fc6992b3b (webtiles) character file.

Game seed: 18092410020483958781

114 qw the Shooter (level 4, -7/26 HPs)
             Began as a Gargoyle Hexslinger on July 13, 2023.
             Mangled by an iguana (9 damage)
             ... on level 3 of the Dungeon.
             The game lasted 00:00:56 (2374 turns).

qw the Shooter (Gargoyle Hexslinger)                Turns: 2374, Time: 00:00:57

Health: -7/26      AC:  8    Str: 11    XL:     4   Next: 98%
Magic:  5/5        EV: 10    Int: 14    God:
Gold:   31         SH:  0    Dex: 14    Spells: 4/5 levels left

rFire   . . .        Y - +1 sling
rCold   . . .        (no shield)
rNeg    + . .        h - +0 ring mail
rPois   inf          (no helmet)
rElec   +            (no cloak)
rCorr   .            (no gloves)
SInv    .            (no boots)
Will    .....        (no amulet)
Stlth   +            (no ring)
HPRegen 0.24/turn    (no ring)
MPRegen 0.09/turn

%: no passive effects
@: no status effects
A: sickness immunity, AC +3, negative energy resistance 1, electricity
resistance, torment resistance 1, petrification resistance
a: no special abilities


You were on level 3 of the Dungeon.
You visited 1 branch of the dungeon, and saw 3 of its levels.

You collected 106 gold pieces.
You spent 75 gold pieces at shops.


Innate Abilities, Weirdness & Mutations

You are immune to sickness and miasma.
Your stone body is resilient. (AC +3)
You are immune to poison.
You resist negative energy. (rN+)
You are resistant to electric shocks. (rElec)
You are resistant to unholy torment.
You are immune to petrification.


   Skills:
 - Level 2.0 Fighting
 + Level 4.5 Ranged Weapons
 - Level 1.0 Armour
 - Level 1.5 Dodging
 - Level 1.0 Spellcasting
 - Level 2.6 Hexes


You had 4 spell levels left.
You knew the following spells:

 Your Spells              Type           Power      Damage    Failure   Level
a - Slow                  Hex            32%        N/A       21%         1

Your spell library contained the following spells:

 Spells                   Type           Power      Damage    Failure   Level
 Inner Flame              Hex/Fire       4%         N/A       71%         3
 Portal Projectile        Hex/Tloc       8%         N/A       71%         3
 Cause Fear               Hex            4%         N/A       90%         4

Inventory:

Hand Weapons
 Y - a +1 sling (weapon)
Armour
 b - a +1 cloak
 h - a +0 ring mail (worn)
Scrolls
 a - a scroll of identify
 c - a scroll of vulnerability {unknown}
 i - a scroll of fog {unknown}
 j - a scroll of blinking {unknown}
 k - a scroll of enchant armour {unknown}
Potions
 e - a potion of berserk rage {unknown}
 f - a potion of curing
 g - a potion of degeneration {unknown}

Dungeon Overview and Level Annotations

Branches:
Dungeon (3/15)

Altars:
Wu Jian

Shops:
D:1 =(!   D:3 *


Message History

Enter note: You shoot a sling bullet.
The sling bullet barely misses the iguana.
You shoot a sling bullet.
The sling bullet hits the iguana but does no damage.
You shoot a sling bullet.
The sling bullet closely misses the iguana.
You shoot a sling bullet.
The sling bullet hits the iguana but does no damage.
The iguana closely misses you.
The iguana bites you but does no damage.
You shoot a sling bullet.
The sling bullet hits the iguana but does no damage.
The iguana bites you!
You shoot a sling bullet.
The sling bullet hits the iguana but does no damage.
The iguana bites you!
You shoot a sling bullet.
The sling bullet barely misses the iguana.
The iguana bites you but does no damage.
The iguana bites you.
You shoot a sling bullet.
The sling bullet barely misses the iguana.
The iguana bites you but does no damage.
You shoot a sling bullet.
The sling bullet hits the iguana but does no damage.
The iguana bites you.
You shoot a sling bullet.
The sling bullet closely misses the iguana.
The iguana barely misses you. The iguana bites you.
You shoot a sling bullet. The sling bullet hits the iguana.
The iguana is lightly wounded.
The iguana barely misses you.
You shoot a sling bullet.
The sling bullet closely misses the iguana.
The iguana closely misses you.
You shoot a sling bullet. The sling bullet hits the iguana.
The iguana is lightly wounded.
The iguana bites you. The iguana bites you!
You die...

##.#..)....#..........
#.#..####.#........#.
#.#..# .#..........
#.#..# ##.........
#.#..# .)........
###.#..# .....#..#..
#......######### #..#..
#.#....l.........#..#..
##.####@#### #.#..##.
#.......# #.......
###################.....
#..................)).
#.################....
#.# #.... #.# ##.#. #.#
#.#. #.# #.##


You could see an iguana.

Vanquished Creatures
  Ijyb (D:3)
  An adder (D:2)
  A worm (D:2)
  A dart slug (D:1)
  An orc (D:3)
  A bat (D:1)
  7 endoplasms
  8 giant cockroaches
  10 goblins
  11 hobgoblins
  5 kobolds
  2 quokkas
  7 ball pythons
  4 frilled lizards
  5 rats
65 creatures vanquished.

Notes
Turn   | Place    | Note
-------+----------+-------------------------------------------
     0 | D:1      | qw the Gargoyle Hexslinger began the quest for the Orb.
     0 | D:1      | Reached XP level 1. HP: 12/12 MP: 2/2
     0 | D:1      | 0 ||| qw: Version: 0.3-a-52-g30416fa
     0 | D:1      | 0 ||| qw: Game counter: 7704
     0 | D:1      | 0 ||| qw: Melee chars always use a shield: true
     0 | D:1      | 0 ||| qw: God list: Okawaru
     0 | D:1      | 0 ||| qw: Allow faded altars: false
     0 | D:1      | 0 ||| qw: Do Orc after clearing Dungeon:15 true
     0 | D:1      | 0 ||| qw: Do second Lair branch before Depths: true
     0 | D:1      | 0 ||| qw: Lair rune preference: random
     0 | D:1      | 0 ||| qw: Goals: Normal
     0 | D:1      | 0 ||| PLANNING D:1-11
    51 | D:1      | Reached XP level 2. HP: 11/16 MP: 3/3
   135 | D:1      | Reached skill level 3 in Ranged Weapons
   273 | D:1      | Found Uzyo's Jewellery Shoppe.
   282 | D:1      | 282 ||| SHOPLISTING +4 ring of protection (468 gold, have
                  | 42).
   282 | D:1      | 282 ||| SHOPLISTING amulet "Tazxaedu" {Regen+ Int+3 Stlth+}
                  | (599 gold, have 42).
   282 | D:1      | 282 ||| SHOPLISTING amulet of regeneration (390 gold, have
                  | 42).
   282 | D:1      | 282 ||| SHOPLISTING ring of fire (325 gold, have 42).
   282 | D:1      | 282 ||| SHOPLISTING ring of positive energy (260 gold, have
                  | 42).
   282 | D:1      | 282 ||| SHOPLISTING ring of protection from fire (325 gold,
                  | have 42).
   282 | D:1      | 282 ||| SHOPLISTING ring of the Death Scarab {Fly rN+ rCorr
                  | Dex+4 Stlth+} (591 gold, have 42).
   375 | D:1      | Reached XP level 3. HP: 19/21 MP: 4/4
   403 | D:1      | Found Rietrier's Weapon Shoppe.
   751 | D:1      | Found Depsuxkimy's Distillery.
   757 | D:1      | 757 ||| BUYING potion of curing (30 gold).
   757 | D:1      | Bought a potion of curing for 30 gold pieces
   757 | D:1      | 757 ||| SHOPLISTING potion of curing (30 gold, have 12).
   757 | D:1      | 757 ||| SHOPLISTING potion of enlightenment (50 gold, have
                  | 12).
   757 | D:1      | 757 ||| SHOPLISTING potion of might (40 gold, have 12).
   869 | D:1      | 869 ||| UPGRADING to +0 ring mail.
   879 | D:1      | 879 ||| DROPPING +0 robe.
   880 | D:1      | 880 ||| READING scroll labelled IDWOSOLUVI.
   881 | D:1      | 881 ||| DRINKING 2 smoky red potions.
   882 | D:1      | 882 ||| DROPPING scroll of poison.
   940 | D:2      | Found an ornate altar of the Wu Jian Council.
  1182 | D:2      | Found Viqef's Distillery.
  1211 | D:2      | Reached XP level 4. HP: 24/26 MP: 5/5
  1347 | D:2      | Reached skill level 4 in Ranged Weapons
  1673 | D:2      | 1673 ||| READING scroll labelled CETHIO EZUIMEG.
  1674 | D:2      | 1674 ||| DRINKING 2 fuming orange potions.
  1675 | D:2      | 1675 ||| DRINKING 2 potions of curing.
  1675 | D:2      | 1675 ||| (to cure confusion)
  1676 | D:2      | 1676 ||| READING 2 scrolls of identify.
  1676 | D:2      | 1676 ||| IDENTIFYING viscous clear potion
  1677 | D:2      | 1677 ||| DROPPING potion of ambrosia.
  1678 | D:2      | 1678 ||| DROPPING potion of attraction.
  1945 | D:3      | Found Bulymmi's Assorted Antiques.
  1951 | D:3      | 1951 ||| BUYING green potion (21 gold).
  1951 | D:3      | Bought a green potion for 21 gold pieces
  1951 | D:3      | 1951 ||| SHOPLISTING runed leather armour (120 gold, have
                  | 47).
  1951 | D:3      | 1951 ||| BUYING scroll labelled CON EZICOCSA (24 gold).
  1951 | D:3      | Bought a scroll labelled CON EZICOCSA for 24 gold pieces
  1951 | D:3      | 1951 ||| SHOPLISTING scroll labelled FOFFUS XINO (24 gold,
                  | have 23).
  2041 | D:3      | Reached skill level 1 in Armour
  2184 | D:3      | Noticed Ijyb
  2184 | D:3      | Paralysed by Ijyb for 2 turns
  2192 | D:3      | Paralysed by Ijyb for 2 turns
  2196 | D:3      | Paralysed by Ijyb for 4 turns
  2208 | D:3      | Paralysed by Ijyb for 5 turns
  2211 | D:3      | HP: 5/26 [Ijyb/+2 dagger of speed (3)]
  2213 | D:3      | 2213 ||| DRINKING potion of heal wounds.
  2215 | D:3      | Paralysed by Ijyb for 4 turns
  2222 | D:3      | Paralysed by Ijyb for 5 turns
  2235 | D:3      | Paralysed by Ijyb for 3 turns
  2236 | D:3      | HP: 5/26 [Ijyb/+2 dagger of speed (3)]
  2237 | D:3      | HP: 1/26 [Ijyb/+2 dagger of speed (5)]
  2241 | D:3      | Killed Ijyb
  2368 | D:3      | HP: 5/26 [iguana (5)]
  2371 | D:3      | HP: 2/26 [iguana (3)]
  2374 | D:3      | Mangled by an iguana

Levels and vault maps discovered:
D:1:      dpeg_arrival_boxes_within_box, layout_basic, serial_shops, shop, shop,
          nicolae_shop_bloodbath_and_beyond, grunt_decor_clamped
D:2:      layout_loops_ring, basic_altar, serial_shops, nicolae_square_shop
D:3:      layout_basic, serial_shops, nicolae_shop_trees, uniq_ijyb

Skill      XL: |  1  2  3  4 |
---------------+-------------+-----
Ranged Weapons | 3 4 |  4.5
Fighting       | 2 |  2.0
Armour         | 1 |  1.0
Dodging        | |  1.5
Spellcasting   | |  1.0
Hexes          | |  2.6

Action                     |  1- 3 |  4- 6 || total
---------------------------+-------+-------++-------
   Fire: Sling             |   123 |   125 ||   248
    Use: Potion            |     1 |     3 ||     4
         Scroll            |     1 |     2 ||     3
 Armour: Robe              |     6 |       ||     6
         Ring mail         |    20 |    39 ||    59
  Dodge: Dodged            |    17 |    43 ||    60

Table legend:
 A = Non-vault XP
 B = Vault XP
 C = Vault XP percentage of total XP
 D = Non-vault monster count
 E = Vault monster count
 F = Vault count percentage of total count
                 A         B        C        D         E       F
            +---------+---------+-------+---------+---------+-------
      Total |     128 |      36 |  22.0 |      64 |       1 |   1.5
            +---------+---------+-------+---------+---------+-------
        D:1 |      51 |       0 |   0.0 |      28 |       0 |   0.0
        D:2 |      46 |       0 |   0.0 |      18 |       0 |   0.0
        D:3 |      31 |      36 |  53.7 |      18 |       1 |   5.3
            +---------+---------+-------+---------+---------+-------
